 Dungeon Crawl Stone Soup version 0.28.0 (webtiles) character file.

Game seed: 10724703797859522841

252 bromine the Skirmisher (level 5, -1/53 HPs)
             Began as a Troll Cinder Acolyte on Feb 14, 2022.
             Was a Believer of Ignis.
             Killed by divine providence
             ... invoked by an orc priest
              (15 damage)
             ... on level 4 of the Dungeon.
             The game lasted 00:10:26 (3203 turns).

bromine the Skirmisher (Troll Cinder Acolyte)       Turns: 3203, Time: 00:10:26

Health: -1/53      AC: 11    Str: 22    XL:     5   Next: 89%
Magic:  5/5        EV:  6    Int: 10    God:    Ignis [**....]
Gold:   125        SH: 12    Dex:  7    Spells: 6/6 levels left

rFire   + . .      SeeInvis .   e - +0 flail
rCold   . . .      Faith    .   f - +3 tower shield
rNeg    . . .      Spirit   .   b - +0 robe
rPois   .          Reflect  .   (helmet restricted)
rElec   .          Harm     .   (no cloak)
rCorr   .          Rampage  .   (gloves unavailable)
Will    .....                   (boots unavailable)
Stlth   +.........              (no amulet)
HPRegen 0.97/turn               (no ring)
MPRegen 0.09/turn               (no ring)

@: fiery-armoured
A: large, unfitting armour, claws 3, regeneration 1, shaggy fur 1, tough skin 1
a: Renounce Religion, Fiery Armour, Foxfire Swarm, Rising Flame


You were on level 4 of the Dungeon.
You worshipped Ignis.
Ignis was pleased with you.
You visited 1 branch of the dungeon, and saw 4 of its levels.

You collected 125 gold pieces.

Inventory:

Hand Weapons
 a - a -1 hand axe of flaming
 c - a +0 halberd of venom
 e - a +0 flail (weapon)
Missiles
 h - a throwing net (quivered)
Armour
 b - a +0 robe (worn)
 f - a +3 tower shield (worn)
Scrolls
 j - 2 scrolls of fog
 m - a scroll of teleportation {unknown}
 n - a scroll of enchant armour
Potions
 d - a potion of attraction
 g - a potion of haste {unknown}
 i - 3 potions of degeneration
 k - a potion of invisibility {unknown}
 l - 2 potions of curing {unknown}


   Skills:
 + Level 3.5 Fighting
 + Level 3.3(3.4) Axes
 + Level 0.7(2.4) Maces & Flails
 + Level 1.8 Dodging
 + Level 1.4 Shields
 + Level 1.0 Spellcasting
 + Level 2.5 Fire Magic


You had 6 spell levels left.
You didn't know any spells.
Your spell library contained the following spells:

 Spells                   Type           Power      Damage    Failure   Level
 Scorch                   Fire           10%        2d5       83%         2
 Conjure Flame            Conj/Fire      3%         6-21      99%         3
 Ignite Poison            Fire/Tmut/Pois 2%         N/A       99%         3
 Sticky Flame             Conj/Fire      3%         2d3       100%        4


Dungeon Overview and Level Annotations

Branches:
Dungeon (4/15)             Temple (0/1) D:4

Altars:
Nemelex Xobeh
Qazlal


Innate Abilities, Weirdness & Mutations

You are too large for most types of armour.
You have claws for hands.
Your natural rate of healing is unusually fast.
You are covered in fur. (AC +1)
You have tough skin. (AC +1)


Message History

You kill the orc!
You see here a +0 club.
You start resting.
HP restored.
You see here a +0 club.
n - a scroll of enchant armour You see here a +0 club.
Things that are here:
a +0 club; a stone
There is an open door here.
An orc comes into view. It is wielding a +0 hand axe.
The orc shouts!
An orc comes into view. It is wielding a +0 hand axe.
The orc shouts!
You hear a shout!
An orc priest comes into view. It is wielding a +0 morningstar.
The orc priest shouts!
The orc hits you but does no damage.
An orc priest comes into view. It is wielding a +0 club.
A goblin comes into view. It is wielding a +0 club.
You block the orc's attack.
An orc priest comes into view. It is wielding a +0 hand axe.
The orc priest shouts! x2
The orc closely misses you. You block the orc's attack.
The orc priest mumbles some strange prayers to Beogh against you.
Beogh smites you!
A protective cloak of flame settles atop you.
You block the orc's attack. The orc hits you but does no damage.
The orc priest mumbles some strange prayers to Beogh against you.
Beogh smites you!
You barely miss the orc.
The orc priest looks braver for a moment.
The orc barely misses you. You block the orc's attack.
The orc priest invokes the aid of Beogh against you.
Beogh smites you!
* * * LOW HITPOINT WARNING * * *
You block the orc's attack. You block the orc priest's attack.
The orc barely misses you.
The orc priest mumbles some strange prayers to Beogh against you.
Beogh smites you!
You die...

...##.## ##.##.. ### #.#
##...##. #.# #.....##
##+## #...†..# ##...##
#....... . ##.....##
##..)... ... ##.......##
###.###
....g#..o......####.)...
....o'o@.......'........
..##.#o.o......####...##
# ##.......## #..##
##.....## #..# ##...##
#... ##+## #.### #.# #.#


You could see 3 orc priests, 2 orcs and a goblin.

Vanquished Creatures
  A hound (D:3)
  An iguana (D:4)
  An orc wizard (D:3)
  Robin (D:4)
  5 adders
  A gnoll (D:1)
  A worm (D:2)
  2 dart slugs (D:1)
  9 orcs
  4 bats
  7 endoplasms
  3 giant cockroaches
  12 goblins
  8 hobgoblins
  6 jackals
  4 quokkas
  7 ball pythons
  12 frilled lizards
  4 kobolds
  2 rats (D:1)
91 creatures vanquished.

Vanquished Creatures (others)
  16 foxfires
  7 plants (D:1)
23 creatures vanquished.

Grand Total: 114 creatures vanquished

Notes
Turn   | Place    | Note
-------+----------+-------------------------------------------
     0 | D:1      | bromine the Troll Cinder Acolyte began the quest for the
                  | Orb.
     0 | D:1      | Reached XP level 1. HP: 22/22 MP: 1/1
    36 | D:1      | Found a faded altar of an unknown god.
    47 | D:1      | Reached XP level 2. HP: 28/29 MP: 2/2
   186 | D:1      | Reached XP level 3. HP: 34/36 MP: 3/3
  1105 | D:2      | Reached XP level 4. HP: 20/45 MP: 4/4
  1269 | D:2      | Reached skill level 1 in Dodging
  2377 | D:3      | Reached XP level 5. HP: 41/53 MP: 5/5
  2423 | D:3      | Found a stormy altar of Qazlal.
  2508 | D:3      | Reached skill level 1 in Shields
  2698 | D:3      | Found a sparkling altar of Nemelex Xobeh.
  2996 | D:4      | Noticed Robin
  3007 | D:4      | Killed Robin
  3140 | D:4      | Found a staircase to the Ecumenical Temple.
  3203 | D:4      | Killed from afar by an orc priest

Illustrated notes

Levels and vault maps discovered:
D:1:      amcnicky_arrival_feature_with_door, layout_rooms,
          shapermc_ecumenical_altar_pompeii, grunt_decor_fettered,
          minmay_lizard_king
D:2:      layout_basic, minivault_14
D:3:      layout_loops_ring, old_standard_altar,
          mainiacjoe_overflow_small_starburst, minivault_24
D:4:      layout_loops_corners, nzn_wu_jian_council_hall,
          minmay_temple_entry_waves, uniq_robin

Skill      XL: |  1  2  3  4  5 |
---------------+----------------+-----
Fighting       | 3 |  3.5
Axes           | 3 |  3.3
Dodging        | 1 |  1.8
Shields        | 1 |  1.4
Maces & Flails | |  0.7
Spellcasting   | |  1.0
Fire Magic     | |  2.5

Action                   |  1- 3 |  4- 6 || total
-------------------------+-------+-------++-------
Melee: Hand axe          |   133 |    46 ||   179
       Flail             |       |    82 ||    82
Invok: Fiery Armour      |     1 |     4 ||     5
       Foxfire Swarm     |       |     2 ||     2
  Use: Scroll            |     3 |     4 ||     7
Armor: Robe              |    78 |    65 ||   143
Dodge: Dodged            |    80 |    42 ||   122
Block: Tower shield      |    43 |   113 ||   156
